 Dungeon Crawl Stone Soup version 0.31-a0-983-g7b6862f502 (webtiles) character file.

Game seed: 9058369540007468824

258 garrulousMonolith the Trooper (level 5, 0/42 HPs)
             Began as a Demonspawn Fighter on Nov 2, 2023.
             Slain by a gnoll
             ... wielding a +0 flail
             ... led by a gnoll bouda
              (9 damage)
             ... on level 3 of the Dungeon.
             The game lasted 00:02:51 (2140 turns).

garrulousMonolith the Trooper (Demonspawn Fighter)  Turns: 2140, Time: 00:02:52

Health: 0/42       AC:  9    Str: 16    XL:     5   Next: 94%
Magic:  5/5        EV:  9    Int: 10    God:
Gold:   136        SH:  5    Dex: 14    Spells: 4/4 levels left

rFire   . . .        a - +1 long sword
rCold   . . .        c - +0 buckler
rNeg    . . .        i - +0 chain mail
rPois   .            (no helmet)
rElec   .            (no cloak)
rCorr   .            (no gloves)
SInv    .            (no boots)
Will    .....        (no amulet) Stlth
                     (no ring)
HPRegen 0.27/turn    (no ring)
MPRegen 0.09/turn

%: no passive effects
@: no status effects
A: hooves 2, repulsion field 1
a: no special abilities


You were on level 3 of the Dungeon.
You visited 1 branch of the dungeon, and saw 4 of its levels.

You collected 136 gold pieces.

Inventory:

Hand Weapons
 a - a +1 long sword (weapon)
Armour
 b - a +0 scale mail
 c - a +0 buckler (worn)
 i - a +0 chain mail (worn)
Jewellery
 m - a ring of wizardry
Scrolls
 d - a scroll of identify
 j - 2 scrolls of noise
 k - a scroll of blinking {unknown}
 p - a scroll of silence {unknown}
 q - a scroll of fear {unknown}
 r - a scroll of amnesia {unknown}
Potions
 g - a potion of heal wounds
 h - a potion of curing
 l - a potion of degeneration {unknown}
 n - 2 potions of attraction
 o - 2 potions of haste {unknown}


   Skills:
 + Level 3.8 Fighting
 * Level 3.6 Long Blades
 + Level 3.4 Armour
 + Level 1.8 Dodging
 + Level 3.4 Shields


You had 4 spell levels left.
You didn't know any spells.
Your spell library contained the following spells:

 Spells                   Type           Power      Damage    Failure   Level
 Blink                    Tloc           0%         N/A       100%        2
 Leda's Liquefaction      Hex/Erth       0%         N/A       100%        4
 Manifold Assault         Tloc           0%         N/A       100%        4
 Lee's Rapid Deconstruct  Erth           0%         3d4*      100%        5
 Bombard                  Conj/Erth      0%         9d1       100%        6


Dungeon Overview and Level Annotations

Branches:
Dungeon (4/15)
 Temple: D:4-7

Altars:
Kikubaaqudgha
Wu Jian


Innate Abilities, Weirdness & Mutations

You have hoof-like feet.
You are surrounded by a mild repulsion field. (EV +2)


Message History

You kill the kobold!
You block the jackal's attack.
The iguana hisses menacingly.
The gnoll closely misses you. You block the jackal's attack.
You barely miss the gnoll.
The jackal bites you but does no damage.
The gnoll bouda barks out a call to the hunt!
The gnolls pick up the pace!
The gnoll barely misses you. You block the gnoll's attack.
You block the jackal's attack.
You barely miss the gnoll. You kick the gnoll, but do no damage.
The gnoll hits you with a +0 flail!
The gnoll hits you from afar with a +0 spear.
The jackal barely misses you. The gnoll closely misses you.
The gnoll barely misses you.
The gnoll bouda barks out a call to the hunt!
The gnoll picks up the pace!
The gnoll hits you from afar with a +0 spear.
The jackal bites you but does no damage.
You are too injured to fight recklessly!
You are too injured to fight recklessly!
You are too injured to fight recklessly!
You are too injured to fight recklessly!
You are too injured to fight recklessly!
You are too injured to fight recklessly!
The gnoll hits you from afar with a +0 halberd!
You block the gnoll's attack. The jackal bites you.
The gnoll hits you but does no damage.
The gnoll hits you from afar with a +0 spear.
You climb upwards.
There is a stone staircase leading down here.
You hit the gnoll.
The gnoll is heavily wounded.
You block the jackal's attack. The gnoll hits you with a +0 flail.
* * * LOW HITPOINT WARNING * * *
The jackal bites you but does no damage.
You closely miss the gnoll. Your kick misses the gnoll.
The gnoll is heavily wounded.
The gnoll hits you with a +0 flail!
You die...

####### ##.....##
##.......## #......>..#
#.........# ##########
#.........# #.........
#.......^.# #.........
#....h....####.........
##....@................
#....g....####.........
#.........# #.........
#.........# ##.........
#.........###..........
#.........##..#########
##............#####....
###.....##..........###
#....รท......#####...###


You could see a gnoll (swift) and a jackal.

Vanquished Creatures
  A black bear (D:4)
  A hound (D:1)
  Natasha (D:3)
  6 adders
  4 bats
  5 endoplasms
  5 giant cockroaches
  4 goblins (D:1)
  9 hobgoblins
  3 jackals (D:3)
  2 quokkas (D:1)
  9 ball pythons
  2 frilled lizards (D:2)
  2 kobolds
  6 rats
60 creatures vanquished.

Notes
Turn   | Place    | Note
-------+----------+-------------------------------------------
     0 | D:1      | garrulousMonolith the Demonspawn Fighter began the quest
                  | for the Orb.
     0 | D:1      | Reached XP level 1. HP: 18/18 MP: 1/1
   160 | D:1      | Gained mutation: You are surrounded by a mild repulsion
                  | field. (EV +2) [demonic ancestry]
   160 | D:1      | Reached XP level 2. HP: 24/24 MP: 2/2
   697 | D:2      | Gained mutation: You have large cloven feet. [demonic
                  | ancestry]
   697 | D:2      | Reached XP level 3. HP: 18/29 MP: 3/3
   768 | D:1      | Reached skill level 1 in Dodging
   768 | D:1      | Reached XP level 4. HP: 23/35 MP: 4/4
   973 | D:2      | Found an ancient bone altar of Kikubaaqudgha.
  1346 | D:3      | Found an ornate altar of the Wu Jian Council.
  1666 | D:3      | Gained mutation: You have hoof-like feet. [demonic
                  | ancestry]
  1666 | D:3      | Reached XP level 5. HP: 37/41 MP: 5/5
  1852 | D:3      | Noticed Natasha
  1861 | D:3      | Killed Natasha
  1884 | D:4      | Noticed a black bear
  2000 | D:4      | Killed a black bear
  2140 | D:3      | Slain by a gnoll

Illustrated notes

Levels and vault maps discovered:
D:1:      minmay_arrival_four_circles, layout_loops_ring
D:2:      layout_rooms, basic_altar, minmay_misc_feat_room, grunt_ministairs_6
D:3:      layout_rooms, overflow_temple_1_default, roderic_serpentine_path,
          uniq_natasha
D:4:      layout_rooms

Skill      XL: |  1  2  3  4 |
---------------+-------------+-----
Long Blades    | 2 3 |  3.6
Armour         | 3 |  3.4
Dodging        | 1 |  1.8
Shields        | 3 |  3.4
Fighting       | |  3.8

Action                     |  1- 3 |  4- 6 || total
---------------------------+-------+-------++-------
  Melee: Long sword        |    86 |    90 ||   176
         Kick              |     1 |    26 ||    27
    Use: Potion            |     1 |     1 ||     2
         Scroll            |       |     6 ||     6
 Armour: Scale mail        |    11 |       ||    11
         Chain mail        |    55 |    88 ||   143
  Dodge: Dodged            |    61 |    61 ||   122
  Block: Buckler           |    19 |    32 ||    51

Table legend: (Time is in decaauts)
 A = Elapsed time spent in this place.
 B = Non-inter-level travel time spent in this place.
 C = Inter-level travel time spent in this place.
 D = Time resting spent in this place.
 E = Time spent auto-exploring this place.
 F = Levels seen in this place.
 G = Mean time per level.
                   A        B        C        D        E       F      G
               +--------+--------+--------+--------+--------+-----+--------+
         Total |   2206 |   2154 |     52 |    260 |   1400 |   4 |  551.5 |
       Dungeon |   2206 |   2154 |     52 |    260 |   1400 |   4 |  551.5 |
               +--------+--------+--------+--------+--------+-----+--------+

Top non-repeatable levels by time:
     D:1: 772 daAuts
     D:3: 712 daAuts
     D:2: 614 daAuts
     D:4: 106 daAuts
